 Dungeon Crawl Stone Soup version 0.27.1-1-g398f81649c (webtiles) character file.

Game seed: 399026534310705411

1070 Crownlay the Chiller (level 8, -9/58 HPs)
             Began as a Gnoll Ice Elementalist on Sept 18, 2021.
             Mangled by an ogre (14 damage)
             ... on level 5 of the Dungeon.
             The game lasted 00:09:35 (6198 turns).

Crownlay the Chiller (Gnoll Ice Elementalist)       Turns: 6198, Time: 00:09:36

Health: -9/58      AC: 11    Str:  9    XL:     8   Next: 28%
Magic:  6/16       EV: 14    Int: 16    God:
Gold:   216        SH:  0    Dex: 12    Spells: 11/18 levels left

rFire    . . .     SeeInvis .   c - staff of conjuration
rCold    . . .     Faith    .   (no shield)
rNeg     . . .     Spirit   .   a - +0 robe
rPois    .         Reflect  .   (no helmet)
rElec    .         Harm     .   m - +0 cloak
rCorr    .         Rampage  .   (no gloves)
Will     .....                  k - +0 pair of boots
Stlth    +++.......             (no amulet)
HPRegen  0.19/turn              (no ring)
MPRegen  0.15/turn              (no ring)

@: ice-armoured, freezing walls
A: fangs 1, strong nose, distributed training
a: no special abilities


You were on level 5 of the Dungeon.
You visited 1 branch of the dungeon, and saw 5 of its levels.

You collected 216 gold pieces.

Inventory:

Armour
 a - a +0 robe (worn)
 k - a +0 pair of boots (worn)
 m - a +0 cloak (worn)
Magical Staves
 c - a staff of conjuration (weapon)
 l - a staff of air
Wands
 o - a wand of flame (11)
Scrolls
 d - 2 scrolls of immolation
 g - a scroll of summoning
 i - a scroll of noise {unknown}
 p - a scroll of amnesia
Potions
 b - a potion of mutation {unknown}
 e - a potion of flight {unknown}
 f - a potion of might {unknown}
 h - a potion of curing {unknown}


   Skills:
 + Level 3.1 Fighting
 + Level 3.1 Short Blades
 + Level 3.1 Long Blades
 + Level 3.1 Axes
 + Level 3.1 Maces & Flails
 + Level 3.1 Polearms
 + Level 3.1 Staves
 + Level 3.1 Slings
 + Level 3.1 Bows
 + Level 3.1 Crossbows
 + Level 3.1 Throwing
 + Level 3.1 Armour
 + Level 5.6 Dodging
 + Level 5.2 Stealth
 + Level 3.1 Shields
 + Level 3.1 Unarmed Combat
 + Level 5.9 Spellcasting
 + Level 2.5 Conjurations
 + Level 2.5 Hexes
 + Level 2.5 Summonings
 + Level 2.5 Necromancy
 + Level 2.5 Translocations
 + Level 2.5 Transmutations
 + Level 2.5 Fire Magic
 + Level 7.6 Ice Magic
 + Level 2.5 Air Magic
 + Level 2.5 Earth Magic
 + Level 2.5 Poison Magic
 + Level 3.4 Invocations
 + Level 3.1 Evocations


You had 11 spell levels left.
You knew the following spells:

 Your Spells              Type           Power      Damage    Failure   Level
a - Freeze                Ice            100%       1d11      1%          1
b - Frozen Ramparts       Ice            58%        1d7       1%          3
c - Ozocubu's Armour      Ice            29%        N/A       1%          3

Your spell library contained the following spells:

 Spells                   Type           Power      Damage    Failure   Level
 Hailstorm                Conj/Ice       31%        3d8       17%         4


Dungeon Overview and Level Annotations

Branches:
Dungeon (5/15)
 Temple: D:4-7

Altars:
Wu Jian
Yredelemnul


Innate Abilities, Weirdness & Mutations

You have very sharp teeth.
Your uncanny sense of smell can sniff out nearby items.
Your experience applies equally to all skills.


Message History

You hit the ogre but do no damage.
The ogre is moderately wounded.
The frozen ramparts melt away.
The ogre hits you with a +0 giant club!
* * * LOW HITPOINT WARNING * * *
The bullfrog zombie hits you but does no damage.
Casting: Ozocubu's Armour (safe; 1% risk of failure)
Confirm with . or Enter, or press ? or * to list all spells.
Your icy armour thickens.
The bullfrog zombie hits you.
* * * LOW HITPOINT WARNING * * *
The ogre hits you with a +0 giant club!
* * * LOW HITPOINT WARNING * * *
Casting: Ozocubu's Armour (safe; 1% risk of failure)
Confirm with . or Enter, or press ? or * to list all spells.
Casting: Frozen Ramparts (safe; 1% risk of failure)
Press: ? - help, Dir - look around, f - activate The walls around you are covered in ice.
The bullfrog zombie resists.
The wall freezes the bullfrog zombie.
The bullfrog zombie hits you but does no damage.
The wall freezes the ogre!
The ogre closely misses you.
The bullfrog zombie completely resists.
The wall freezes the bullfrog zombie but does no damage.
The bullfrog zombie barely misses you.
You hit the ogre.
The ogre is severely wounded.
The bullfrog zombie completely resists.
The wall freezes the bullfrog zombie but does no damage.
The bullfrog zombie hits you but does no damage.
The wall freezes the ogre.
The ogre misses you.
You hit the ogre.
You blast the ogre.
The ogre is severely wounded.
The bullfrog zombie completely resists.
The wall freezes the bullfrog zombie but does no damage.
The bullfrog zombie misses you.
You hit the ogre.
The ogre is severely wounded.
The bullfrog zombie completely resists.
The wall freezes the bullfrog zombie but does no damage.
The bullfrog zombie barely misses you.
The wall freezes the ogre.
The ogre hits you with a +0 giant club!
You die...

#.........# ############
#.........# ##.....#.....
#.........# ##............
#.........# #.............
#....)....# #.............
#.........# #.............
#.........# #.............
########.Z####....<........
#.)@O....(....>.....
#.#######<....#..... #.#
#........... #..
...##..#..... ##.
....##........ .
.....###..##### .....#
##...... ......# #.## #.
#.....## #.. ##


You could see an ogre and a bullfrog zombie.

Vanquished Creatures
  A sky beast (D:5)
  2 necrophages (D:4)
  An ogre (D:4)
  A centaur (D:4)
  2 phantoms
  A bullfrog (D:4)
  A centaur zombie (D:4)
  An orc priest (D:3)
  A hound (D:5)
  Crazy Yiuf (D:3)
  Natasha (thrice) (D:4)
  An orc wizard (D:5)
  A hound zombie (D:5)
  A hound skeleton (D:4)
  6 adders
  A white imp (D:4)
  An adder skeleton (D:4)
  5 dart slugs
  9 orcs
  8 endoplasms
  7 goblins
  12 hobgoblins
  2 jackals (D:2)
  11 kobolds
  6 quokkas
  9 ball pythons
  4 bats
  4 frilled lizards
  7 rats
110 creatures vanquished.

Notes
Turn   | Place    | Note
-------+----------+-------------------------------------------
     0 | D:1      | Crownlay the Gnoll Ice Elementalist began the quest for the
                  | Orb.
     0 | D:1      | Reached XP level 1. HP: 13/13 MP: 6/6
   240 | D:1      | Reached XP level 2. HP: 19/19 MP: 4/7
   467 | D:1      | Reached XP level 3. HP: 2/25 MP: 0/9
   618 | D:1      | Reached skill level 5 in Spellcasting
  1133 | D:1      | Found a faded altar of an unknown god.
  1322 | D:1      | Reached skill level 1 in Invocations
  1636 | D:2      | Learned a level 3 spell: Frozen Ramparts
  1640 | D:2      | Learned a level 3 spell: Ozocubu's Armour
  1726 | D:2      | Reached skill level 1 in Fighting
  1726 | D:2      | Reached skill level 1 in Short Blades
  1726 | D:2      | Reached skill level 1 in Long Blades
  1726 | D:2      | Reached skill level 1 in Axes
  1726 | D:2      | Reached skill level 1 in Maces & Flails
  1726 | D:2      | Reached skill level 1 in Polearms
  1726 | D:2      | Reached skill level 1 in Staves
  1726 | D:2      | Reached skill level 1 in Slings
  1726 | D:2      | Reached skill level 1 in Bows
  1726 | D:2      | Reached skill level 1 in Crossbows
  1726 | D:2      | Reached skill level 1 in Throwing
  1726 | D:2      | Reached skill level 1 in Armour
  1726 | D:2      | Reached skill level 1 in Shields
  1726 | D:2      | Reached skill level 1 in Unarmed Combat
  1726 | D:2      | Reached skill level 1 in Evocations
  1771 | D:2      | Reached XP level 4. HP: 14/32 MP: 9/11
  2573 | D:3      | Reached skill level 1 in Conjurations
  2573 | D:3      | Reached skill level 1 in Hexes
  2573 | D:3      | Reached skill level 1 in Summonings
  2573 | D:3      | Reached skill level 1 in Necromancy
  2573 | D:3      | Reached skill level 1 in Translocations
  2573 | D:3      | Reached skill level 1 in Transmutations
  2573 | D:3      | Reached skill level 1 in Fire Magic
  2573 | D:3      | Reached skill level 1 in Air Magic
  2573 | D:3      | Reached skill level 1 in Earth Magic
  2573 | D:3      | Reached skill level 1 in Poison Magic
  2643 | D:3      | Found a runed translucent door.
  2644 | D:3      | Noticed Crazy Yiuf
  3319 | D:3      | Reached XP level 5. HP: 20/37 MP: 4/12
  3654 | D:3      | Killed Crazy Yiuf
  4120 | D:4      | Noticed a necrophage
  4144 | D:4      | Killed a necrophage
  4145 | D:4      | Reached skill level 5 in Dodging
  4145 | D:4      | Reached XP level 6. HP: 8/44 MP: 0/14
  4492 | D:4      | Found an ornate altar of the Wu Jian Council.
  4492 | D:4      | Found a basalt altar of Yredelemnul.
  4644 | D:4      | Noticed a necrophage
  4660 | D:4      | Killed a necrophage
  4847 | D:4      | Noticed Natasha
  4856 | D:4      | Killed Natasha
  4956 | D:4      | Noticed Natasha
  4962 | D:4      | Killed Natasha
  4963 | D:4      | Reached XP level 7. HP: 50/50 MP: 11/15
  5022 | D:4      | Noticed Natasha
  5028 | D:4      | Killed Natasha
  5357 | D:5      | Entered Level 5 of the Dungeon
  5374 | D:4      | Reached skill level 5 in Stealth
  5964 | D:5      | Reached XP level 8. HP: 24/57 MP: 9/16
  6198 | D:5      | Mangled by an ogre

Illustrated notes

Levels and vault maps discovered:
D:1:      wheals_arrival_linesprint, layout_basic,
          dreamdust_ecumenical_altar_statues
D:2:      layout_basic
D:3:      layout_loops_cross, minmay_misc_feat_pillars, minmay_misc_feat_tower,
          hangedman_decor_diamond_cutter, chequers_avenue,
          uniq_crazy_yiuf_cottage
D:4:      layout_basic, amethyst_overflow_temple_binary, uniq_natasha
D:5:      layout_rooms, grunt_ministairs_2, minmay_a_box_with_orc_wizards_in_it

Skill      XL: |  1  2  3  4  5  6  7  8 |
---------------+-------------------------+-----
Spellcasting   | 5 |  5.9
Invocations    | 1 2 3 |  3.4
Fighting       | 1 2 3 |  3.1
Short Blades   | 1 2 3 |  3.1
Long Blades    | 1 2 3 |  3.1
Axes           | 1 2 3 |  3.1
Maces & Flails | 1 2 3 |  3.1
Polearms       | 1 2 3 |  3.1
Staves         | 1 2 3 |  3.1
Slings         | 1 2 3 |  3.1
Bows           | 1 2 3 |  3.1
Crossbows      | 1 2 3 |  3.1
Throwing       | 1 2 3 |  3.1
Armour         | 1 2 3 |  3.1
Shields        | 1 2 3 |  3.1
Unarmed Combat | 1 2 3 |  3.1
Evocations     | 1 2 3 |  3.1
Conjurations   | 1 2 |  2.5
Hexes          | 1 2 |  2.5
Summonings     | 1 2 |  2.5
Necromancy     | 1 2 |  2.5
Translocations | 1 2 |  2.5
Transmutations | 1 2 |  2.5
Fire Magic     | 1 2 |  2.5
Air Magic      | 1 2 |  2.5
Earth Magic    | 1 2 |  2.5
Poison Magic   | 1 2 |  2.5
Dodging        | 5 |  5.6
Stealth        | 5 |  5.2
Ice Magic      | |  7.6

Action                   |  1- 3 |  4- 6 |  7- 9 || total
-------------------------+-------+-------+-------++-------
Melee: Unarmed           |     2 |       |       ||     2
       Staff             |    31 |    73 |   149 ||   253
       Bite              |     2 |     8 |     8 ||    18
       Punch             |       |     1 |     2 ||     3
 Cast: Freeze            |    47 |    71 |    19 ||   137
       Frozen Ramparts   |     1 |    10 |    11 ||    22
       Ozocubu's Armour  |       |     4 |    10 ||    14
Evoke: Wand              |       |       |     5 ||     5
  Use: Scroll            |       |       |     3 ||     3
       Potion            |       |       |     2 ||     2
 Stab: Sleeping          |     2 |       |       ||     2
Armor: Robe              |     9 |    33 |    93 ||   135
Dodge: Dodged            |    55 |   105 |   125 ||   285
